 Dungeon Crawl Stone Soup version 0.25-b1-37-g2669288c55 (webtiles) character file.

Game seed: 13288565657009804312

97 gruber the Chiller (level 4, -1/27 HPs)
             Began as an Octopode Ice Elementalist on June 4, 2020.
             Slain by a gnoll
             ... wielding a +0 spear
              (4 damage)
             ... on level 3 of the Dungeon.
             The game lasted 00:05:03 (3283 turns).

gruber the Chiller (Octopode Ice Elementalist)      Turns: 3283, Time: 00:05:04

Health: -1/27      AC:  1    Str:  7    XL:     4   Next: 68%
Magic:  8/8        EV: 13    Int: 18    God:
Gold:   78         SH:  0    Dex: 12    Spells: 7/8 levels left

rFire    + . .     SeeInvis .   g - +2 dagger (pain)
rCold    . . .     Gourm    .   (no shield)
rNeg     . . .     Faith    .   (helmet restricted)
rPois    +         Spirit   .   (no amulet)
rElec    .         Reflect  .   k - ring of protection from fire
rCorr    .         Harm     .   j - ring of poison resistance (curse)
MR       .....                  l - ring of stealth
Stlth    ++++......             (no ring)
HPRegen  0.09/turn              (no ring)
MPRegen  0.11/turn              (no ring)
                                (no ring)
                                (no ring)

@: no status effects
A: almost no armour, stealthy swim, amphibious, 8 rings, constrict 8, camouflage
1, gelatinous body 1
a: no special abilities


You were on level 3 of the Dungeon.
You were hungry.

You visited 1 branch of the dungeon, and saw 3 of its levels.

You collected 78 gold pieces.

Inventory:

Hand Weapons
 e - a +0 spear
 g - a +2 dagger of pain (weapon)
Jewellery
 i - an uncursed amulet of faith
 j - a cursed ring of poison resistance (right tentacle)
 k - a ring of protection from fire (left tentacle)
 l - a ring of stealth (on tentacle)
Scrolls
 a - 2 scrolls of enchant weapon {unknown}
 c - 3 scrolls of identify {unknown}
 d - a scroll of noise {unknown}
 f - 2 scrolls of remove curse {unknown}
 h - 2 scrolls of magic mapping {unknown}
Potions
 m - a potion of stabbing {unknown}
Comestibles
 b - 8 rations
 n - 10 chunks of flesh


   Skills:
 - Level 2.0 Dodging
 - Level 2.6 Stealth
 + Level 2.7 Spellcasting
 + Level 5.5 Ice Magic


You had 7 spell levels left.
You knew the following spells:

 Your Spells              Type           Power        Failure   Level  Hunger
a - Freeze                Ice            ###.         1%          1    #......

Your spell library contained the following spells:

 Spells                   Type           Power        Failure   Level  Hunger
 Frozen Ramparts          Ice            ###...       5%          3    ###....
 Ensorcelled Hibernation  Hex/Ice        ##....       9%          2    ##.....
 Ozocubu's Armour         Chrm/Ice       ##......     16%         3    ###....
 Corona                   Hex            #......      17%         1    #......
 Confusing Touch          Hex            #.......     45%         3    ###....
 Dazzling Flash           Conj/Hex       #.....       45%         3    ###....
 Tukima's Dance           Hex            #.......     45%         3    ###....
 Hailstorm                Conj/Ice       ##......     47%         4    #####..
 Summon Ice Beast         Ice/Summ       ##......     47%         4    #####..


Dungeon Overview and Level Annotations

Branches:
Dungeon (3/15)

Altars:
Kikubaaqudgha
Makhleb


Innate Abilities, Weirdness & Mutations

You cannot wear most types of armour.
You are very stealthy in the water. (Stealth+)
You are amphibious.
You can wear up to eight rings at the same time.
You can use your tentacles to constrict eight enemies at once.
Your skin changes colour to match your surroundings (Stealth+).
Your rubbery body absorbs attacks. (AC +1, EV +1)


Message History

The gnoll throws a throwing net.
The throwing net barely misses you.
The gnoll hits you from afar with a +0 spear.
You are feeling hungry.
The gnoll throws a throwing net.
The throwing net hits you.
You become entangled in the net!
There is an open door here.
You see here a throwing net.
You struggle against the net.
The gnoll barely misses you.
You struggle against the net.
The gnoll hits you from afar with a +0 spear.
The gnoll barely misses you.
You struggle against the net.
The gnoll hits you from afar with a +0 spear!
The gnoll hits you from afar with a +0 spear.
You struggle against the net.
The gnoll barely misses you.
The gnoll hits you from afar with a +0 spear.
* * * LOW HITPOINT WARNING * * *
You rip the net and break free!
The gnoll hits you from afar with a +0 spear.
You die...

. #..÷... ...#.#....÷.
...#.##....#
#....##)#...
#######+##### #..##.....
#...........# #.........
#....g....(.+....##...##
#.(.gg...(..#.##.##[..##
#######@##### #.##.....
#.# #......##
#######.#####+##......##
#........)..............
#........##.............
#........##......###....
#........##....÷.# #....
#........##......# #....
#........##......###....


You could see 3 gnolls.

Vanquished Creatures
  3 adders (D:2)
  An ooze (D:3)
  4 worms
  3 leopard geckos
  An orc (D:3)
  7 bats
  A giant cockroach (D:2)
  4 goblins
  7 hobgoblins
  3 jackals (D:1)
  3 quokkas
  4 frilled lizards
  4 kobolds
  6 rats
51 creatures vanquished.

Notes
Turn   | Place    | Note
-------+----------+-------------------------------------------
     0 | D:1      | gruber the Octopode Ice Elementalist began the quest for
                  | the Orb.
     0 | D:1      | Reached XP level 1. HP: 11/11 MP: 3/3
   513 | D:1      | Reached XP level 2. HP: 9/17 MP: 1/5
  2094 | D:2      | Reached XP level 3. HP: 21/21 MP: 3/6
  2174 | D:2      | Reached skill level 5 in Ice Magic
  2184 | D:2      | Reached XP level 4. HP: 14/27 MP: 1/7
  2785 | D:2      | Found an ancient bone altar of Kikubaaqudgha.
  2800 | D:2      | Found a burning altar of Makhleb.
  3283 | D:3      | Slain by a gnoll

Illustrated notes

Levels and vault maps discovered:
D:1:      dpeg_chamrin_arrival_tetris, layout_basic, minmay_misc_feat_x
D:2:      layout_loops_cross, minitemple, minmay_pentomino_w4
D:3:      layout_basic, first_ration

Skill      XL: |  1  2  3 |
---------------+----------+-----
Ice Magic      | 5 |  5.5
Dodging        | |  2.0
Stealth        | |  2.6
Spellcasting   | |  2.7

Action                   |  1- 3 |  4- 6 || total
-------------------------+-------+-------++-------
Melee: Unarmed           |    30 |       ||    30
       Constrict         |    15 |     9 ||    24
       Tentacles         |     4 |     6 ||    10
       Spear             |    20 |       ||    20
       Dagger            |    10 |    50 ||    60
 Cast: Freeze            |    16 |     3 ||    19
 Stab: Sleeping          |     5 |    11 ||    16
  Eat: Chunk             |     4 |     3 ||     7
Armor: Skin              |     3 |     3 ||     6
Dodge: Dodged            |    45 |    27 ||    72
